 Dungeon Crawl Stone Soup version 0.22-a0-48-g8770677 (webtiles) character file.

4034 Gildeon the Magician (level 9, -5/62 HPs)
             Began as a Demigod Fire Elementalist on Jan 7, 2018.
             Slain by a vampire (9 damage)
             ... on level 9 of the Dungeon.
             The game lasted 01:02:13 (7456 turns).

Gildeon the Magician (Demigod Fire Elementalist)    Turns: 7456, Time: 01:02:13

Health: -5/62      AC:  6    Str: 17    XL:     9   Next: 75%
Magic:  0/22       EV: 14    Int: 21    God:
Gold:   422        SH:  0    Dex: 24    Spells: 3/21 levels left

rFire    . . .     SeeInvis .   j - +7 falchion "Nutadoimoo" {freeze, Str+2 Dex+3}
rCold    . . .     Gourm    .   (no shield)
rNeg     . . .     Faith    .   m - +2 leather armour {MR+}
rPois    .         Spirit   +   (no helmet)
rElec    .         Reflect  .   i - +0 cloak
rCorr    .         Harm     .   (no gloves)
MR       +....                  (no boots)
Stlth    +++.......             n - amulet of guardian spirit
HPRegen  0.20/turn              f - +3 ring of dexterity
MPRegen  0.18/turn              l - +2 ring of dexterity

@: very slightly contaminated
A: high mp 1
a: no special abilities


You were on level 9 of the Dungeon.
You were not hungry.

You visited 1 branch of the dungeon, and saw 9 of its levels.

You collected 422 gold pieces.

Inventory:

Hand Weapons
 e - a +5 dagger of electrocution
 j - the +7 falchion "Nutadoimoo" (weapon) {freeze, Str+2 Dex+3}
   (You found it on level 4 of the Dungeon)

   It has been specially enchanted to freeze those struck by it, causing extra
   injury to most foes and up to half again as much damage against particularly
   susceptible opponents.
   It can also slow down cold-blooded creatures.
   It affects your strength (+2).
   It affects your dexterity (+3).
Armour
 i - a +0 cloak (worn)
 m - a +2 leather armour of magic resistance (worn)
 r - a +1 robe of positive energy
Jewellery
 f - a +3 ring of dexterity (left hand)
 l - a +2 ring of dexterity (right hand)
 n - an amulet of guardian spirit (around neck)
 s - a +3 ring of protection
 y - an uncursed ring of poison resistance
Wands
 g - a wand of flame (2)
 x - a wand of iceblast (18)
 z - a wand of acid (8)
Scrolls
 p - 5 scrolls of remove curse
 q - 4 scrolls of teleportation
 w - 2 scrolls of fear
 A - a scroll of identify
Potions
 a - a potion of haste
 b - a potion of ambrosia
 d - 2 potions of brilliance
 h - a potion of cancellation
 k - a potion of resistance
 u - 2 potions of invisibility
Books
 v - a book of Necromancy

   Spells                             Type                      Level
   a - Pain                           Necromancy                   1
   b - Animate Skeleton               Necromancy                   1
   c - Vampiric Draining              Necromancy                   3
   d - Regeneration                   Charms/Necromancy            3
   e - Animate Dead                   Necromancy                   4
   f - Borgnjor's Vile Clutch         Necromancy/Earth             5
Comestibles
 c - 8 rations


   Skills:
 + Level 3.0 Dodging
 - Level 5.0 Stealth
 - Level 6.6 Spellcasting
 - Level 5.0 Conjurations
 - Level 5.1 Hexes
 - Level 5.2 Fire Magic
 - Level 5.0 Evocations


You had 3 spell levels left.
You knew the following spells:

 Your Spells              Type           Power        Failure   Level  Hunger
a - Flame Tongue          Conj/Fire      ####.        1%          1    None
b - Throw Flame           Conj/Fire      ####..       1%          2    None
c - Conjure Flame         Conj/Fire      ####....     4%          3    #......
d - Inner Flame           Hex/Fire       ####....     4%          3    #......
e - Sticky Flame          Conj/Fire      ####....     13%         4    ###....
f - Fireball              Conj/Fire      ####......   36%         5    #####..


Dungeon Overview and Level Annotations

Branches:
Dungeon (9/15)             Temple (0/1) D:6
   Lair: D:8-11         Orc: D:9-12

Annotations:
D:9 Pikel


Innate Abilities, Weirdness & Mutations

You have an increased reservoir of magic. (+10% MP)


Message History

Pikel closely misses you.
As you read the scroll of fear, it crumbles to dust.
You assume a fearsome visage.
Pikel looks frightened!
Something completely misses you. Something bites you.
* * * LOW HITPOINT WARNING * * *
Something draws strength from your injuries!
Pikel zaps a wand.
Some rock shatters into small pieces.
You feel better. Something hits you.
* * * LOW HITPOINT WARNING * * *
Something completely misses you.
You barely miss Pikel. Something barely misses you.
Something bites you but does no damage. The slave hits you.
* * * LOW HITPOINT WARNING * * *
You hit the slave but do no damage. Something barely misses you.
Something bites you!
* * * LOW HITPOINT WARNING * * *
Something draws strength from your injuries!
The slave closely misses you. Something hits you!
You die...

#### #.#.############
#.#.#.........#
#########.#..###.#####
#......# #.#.....#...# #
#......# #...##.#...####
#####......#####@#[..#.......
....#......+..#.p........#
###.#......##..#.#...[...#
#.'.....>##K...##.###..#
###......#.###.........#
####'##.# ##.#####.## #.#.#
#....##### #..# #.###.....#
#.# ## #####.###


You could see Pikel (fleeing) and a slave.

Vanquished Creatures
  A two-headed ogre (D:9)
  The ghost of qwer the Blocker, a novice NaFi of Okawaru (D:7)
  Sigmund (D:4)
  A wyvern (D:8)
  A water moccasin (D:8)
  2 orc warriors (D:7)
  3 slaves (D:9)
  4 sky beasts
  2 phantoms (D:4)
  2 ogres
  2 centaurs
  2 bullfrogs
  A gnoll sergeant (D:6)
  A scorpion (D:4)
  3 killer bees (D:9)
  A crimson imp (D:3)
  2 bullfrog zombies (D:5)
  2 howler monkeys
  A hound (D:6)
  4 orc priests
  A gnoll shaman (D:6)
  A bullfrog skeleton (D:5)
  Natasha (D:4)
  3 orc wizards
  A worker ant (D:8)
  A killer bee zombie (D:5)
  3 hound skeletons
  A worker ant zombie (D:5)
  12 gnolls
  11 adders
  A shadow imp (D:9)
  An adder skeleton (D:9)
  2 worms
  A dart slug (D:1)
  3 leopard geckos
  26 orcs
  4 giant cockroaches
  8 goblins
  13 hobgoblins
  6 kobolds
  3 quokkas
  A ball python (D:4)
  6 bats
  A giant cockroach zombie (D:5)
  A leopard gecko skeleton (D:6)
  A quokka skeleton (D:7)
  A quokka zombie (D:5)
  4 rats
155 creatures vanquished.

Notes
Turn   | Place    | Note
-------+----------+-------------------------------------------
     0 | D:1      | Gildeon the Demigod Fire Elementalist began the quest for the Orb.
     0 | D:1      | Reached XP level 1. HP: 14/14 MP: 5/5
   104 | D:1      | Reached skill level 2 in Spellcasting
   280 | D:1      | Reached XP level 2. HP: 20/20 MP: 4/8
   343 | D:1      | Learned a level 2 spell: Throw Flame
   770 | D:2      | Reached skill level 3 in Spellcasting
   806 | D:1      | Reached XP level 3. HP: 12/26 MP: 3/10
   814 | D:1      | Learned a level 3 spell: Conjure Flame
  1083 | D:2      | Found a glowing golden altar of the Shining One.
  1235 | D:2      | Reached XP level 4. HP: 21/33 MP: 0/12
  1258 | D:2      | Reached skill level 4 in Spellcasting
  1359 | D:2      | Learned a level 3 spell: Inner Flame
  1765 | D:3      | Reached XP level 5. HP: 38/38 MP: 0/15
  1805 | D:3      | Learned a level 4 spell: Sticky Flame
  1953 | D:3      | Found a deep blue altar of Sif Muna.
  1987 | D:3      | Reached skill level 5 in Spellcasting
  2629 | D:4      | Noticed Sigmund
  2640 | D:4      | Killed Sigmund
  2640 | D:4      | Reached XP level 6. HP: 36/45 MP: 6/17
  3052 | D:4      | Reached skill level 5 in Fire Magic
  3180 | D:4      | Reached skill level 1 in Conjurations
  3212 | D:4      | Got a slimy falchion
  3219 | D:4      | Identified the +7 falchion "Nutadoimoo" {freeze, Str+2 Dex+3} (You found it on level 4 of the Dungeon)
  3242 | D:4      | Noticed Natasha
  3249 | D:4      | Killed Natasha
  3260 | D:4      | Reached XP level 7. HP: 45/50 MP: 7/18
  3915 | D:5      | Entered Level 5 of the Dungeon
  4254 | D:5      | Reached skill level 5 in Conjurations
  4341 | D:5      | Reached skill level 1 in Hexes
  4412 | D:5      | Reached XP level 8. HP: 15/57 MP: 0/19
  5105 | D:6      | Found a staircase to the Ecumenical Temple.
  5477 | D:7      | Reached skill level 5 in Hexes
  5529 | D:7      | Reached skill level 1 in Evocations
  5925 | D:7      | Noticed qwer's ghost (novice NaFi)
  5948 | D:7      | Killed qwer's ghost
  5948 | D:7      | Reached skill level 6 in Spellcasting
  5948 | D:7      | Reached XP level 9. HP: 29/62 MP: 1/22
  5955 | D:7      | Learned a level 5 spell: Fireball
  6004 | D:7      | Found a shadowy altar of Dithmenos.
  6737 | D:8      | Reached skill level 5 in Evocations
  6842 | D:9      | Noticed a two-headed ogre
  6850 | D:9      | Killed a two-headed ogre
  6850 | D:9      | Reached skill level 5 in Stealth
  7110 | D:9      | Got a transparent trident
  7111 | D:9      | Identified the +5 trident "Qoyrioxa" {venom, +Rage} (You found it on level 9 of the Dungeon)
  7431 | D:9      | Noticed Pikel
  7456 | D:9      | Slain by a vampire

Vault maps used:
D:1:      elethiomel_arrival_shortcut, minmay_misc_feat_room
D:2:      nicolae_tso_swordbearing_angel
D:3:      first_ration, led_sif_pool
D:4:      serial_glass, glass_columns_a, glass_columns_a, glass_columns_b,
          glass_columns_a, glass_columns_b, glass_columns_a, glass_columns_a,
          glass_columns_a, uniq_natasha, uniq_sigmund
D:5:      serial_undead, serial_undead_b, serial_undead_f, serial_undead_b,
          serial_undead_d, kennysheep_another_room, kennysheep_generic_room_3
D:6:      minmay_temple_entry_enclosed_plants
D:7:      nicolae_dithmenos_through_a_glass_darkly
D:9:      nicolae_overflow_hidden_temple, uniq_pikel

Skill      XL: |  1  2  3  4  5  6  7  8  9 |
---------------+----------------------------+-----
Spellcasting   | 2 3 4 5 6 |  6.6
Fire Magic     | 4 5 |  5.2
Conjurations   | 2 5 |  5.0
Hexes          | 2 5 |  5.1
Evocations     | 3 5 |  5.0
Stealth        | 5 |  5.0
Dodging        | 3 |  3.0

Action                   |  1- 3 |  4- 6 |  7- 9 || total
-------------------------+-------+-------+-------++-------
Melee: Dagger            |    19 |    43 |     1 ||    63
       Falchion          |       |       |    91 ||    91
 Cast: Flame Tongue      |    40 |    87 |   150 ||   277
       Throw Flame       |    13 |    10 |     1 ||    24
       Conjure Flame     |       |     2 |       ||     2
       Sticky Flame      |       |       |     2 ||     2
Evoke: Wand              |       |     9 |    19 ||    28
  Use: Scroll            |     2 |     8 |    19 ||    29
       Potion            |       |     1 |     8 ||     9
 Stab: Sleeping          |       |     1 |     4 ||     5
  Eat: Chunk             |     2 |     1 |     2 ||     5
       Ration            |       |     2 |     3 ||     5
Armor: Robe              |     7 |     6 |       ||    13
       Leather armour    |       |     7 |    48 ||    55
Dodge: Dodged            |    37 |    39 |   127 ||   203
       Rpst.: Falchion   |       |     1 |    31 ||    32

Table legend:
 A = Spawn XP
 B = Non-spawn XP
 C = Spawn XP percentage of total XP
 D = Spawn monster count
 E = Non-spawn monster count
 F = Spawn count percentage of total count
 G = Total turns spent on level
                    A         B        C        D         E        F      G
               +---------+---------+-------+---------+---------+-------+---------
         Total |       0 |    5764 |   0.0 |       0 |     152 |   0.0 |  7456
               +---------+---------+-------+---------+---------+-------+---------
           D:1 |       0 |      45 |   0.0 |       0 |      17 |   0.0 |   992
           D:2 |       0 |     114 |   0.0 |       0 |      24 |   0.0 |   693
           D:3 |       0 |     200 |   0.0 |       0 |      31 |   0.0 |  1188
           D:4 |       0 |     850 |   0.0 |       0 |      12 |   0.0 |  1042
           D:5 |       0 |     633 |   0.0 |       0 |      19 |   0.0 |   950
           D:6 |       0 |     645 |   0.0 |       0 |      19 |   0.0 |   740
           D:7 |       0 |    1345 |   0.0 |       0 |      14 |   0.0 |   605
           D:8 |       0 |     549 |   0.0 |       0 |       7 |   0.0 |   632
           D:9 |       0 |    1383 |   0.0 |       0 |       9 |   0.0 |   614
               +---------+---------+-------+---------+---------+-------+---------
